 Dungeon Crawl Stone Soup version 0.21-a0-274-gc1afaeb (webtiles) character file.

1220 aurelian the Grave Robber (level 8, 0/61 HPs)
             Began as a Purple Draconian Necromancer on Sept 19, 2017.
             Slain by a wight
             ... wielding a cursed +0 dire flail
              (12 damage)
             ... on level 6 of the Dungeon.
             The game lasted 00:21:35 (8549 turns).

aurelian the Grave Robber (DrNe)                    Turns: 8549, Time: 00:21:35

Health: 0/61       AC:  6    Str: 17    XL:     8   Next: 23%
Magic:  6/16       EV: 11    Int: 17    God:
Gold:   368        SH:  0    Dex: 11    Spells: 2/18 levels left

rFire    . . .     SeeInvis .   a - +3 whip (venom)
rCold    . . .     Gourm    .   (no shield)
rNeg     . . .     Faith    .   (armour unavailable)
rPois    .         Spirit   .   (helmet restricted)
rElec    .         Reflect  .   (no cloak)
rCorr    .         Harm     .   (no gloves)
MR       +....                  (no boots)
Stlth    +.........             (no amulet)
HPRegen  0.20/turn              g - -2 ring of strength (curse)
MPRegen  0.15/turn              A - +2 ring of strength

@: mighty, very slightly contaminated, heavily drained
A: breathe power, unfitting armour, cold-blooded, AC +6
a: Breathe Dispelling Energy


You were on level 6 of the Dungeon.
You were very hungry.

You visited 1 branch of the dungeon, and saw 7 of its levels.

You collected 368 gold pieces.

Inventory:

Hand Weapons
 a - a +3 whip of venom (weapon)
 h - a +0 dagger
 j - a +0 spear
 n - a +0 whip
 w - a +0 hunting sling
Missiles
 e - 277 stones (quivered)
 s - 5 javelins
 y - 2 steel javelins
Armour
 i - a +0 shield
Jewellery
 d - an uncursed ring of ice
 g - a cursed -2 ring of strength (left hand)
 m - an uncursed ring of ice
 A - a +2 ring of strength (right hand)
Scrolls
 l - 3 scrolls of recharging
 o - a scroll of enchant armour {unknown}
 p - 2 scrolls of teleportation
 r - 8 scrolls of identify
 t - 4 scrolls of magic mapping
 u - a scroll of enchant weapon
 z - a scroll of immolation
 B - 2 scrolls of remove curse {unknown}
 D - 2 scrolls of amnesia {unknown}
Potions
 c - a potion of flight {unknown}
 q - 2 potions of magic
Books
 v - a book of Necromancy

   Spells                             Type                      Level
   a - Pain                           Necromancy                   1
   b - Animate Skeleton               Necromancy                   1
   c - Vampiric Draining              Necromancy                   3
   d - Regeneration                   Charms/Necromancy            3
   e - Animate Dead                   Necromancy                   4
   f - Control Undead                 Necromancy                   4
Comestibles
 b - 4 bread rations
 f - a chunk of flesh
 k - 2 royal jellies
 C - 2 fruits
 E - a meat ration


   Skills:
 - Level 2.0(0.0) Fighting
 * Level 6.0(3.5) Maces & Flails
 - Level 1.7(0.0) Dodging
 - Level 1.7(0.0) Stealth
 + Level 5.8(3.3) Spellcasting
 + Level 6.8(4.3) Necromancy


You had 2 spell levels left.
You knew the following spells:

 Your Spells              Type           Power        Failure   Level  Hunger
a - Pain                  Necr           ###.         2%          1    None
b - Animate Skeleton      Necr           N/A          2%          1    None
c - Vampiric Draining     Necr           ###.......   9%          3    ###....
d - Regeneration          Chrm/Necr      ##........   21%         3    ###....
e - Animate Dead          Necr           N/A          28%         4    ####...
f - Control Undead        Necr           ###.......   28%         4    ####...


Dungeon Overview and Level Annotations

Branches:
Dungeon (7/15)
 Temple: D:4-7

Altars:
Dithmenos
Ru
Vehumet
Zin

Annotations:
D:4 Sigmund
D:5 Grinder


Innate Abilities, Weirdness & Mutations

You can breathe bolts of dispelling energy.
Your rich purple scales are hard. (AC +6)
You cannot fit into any form of body armour.
You are cold-blooded and may be slowed by cold attacks.


Message History

The wight hits you with an enchanted battleaxe.
The wight completely misses your wight.
Your wight hits the wight with a dire flail!
The wight is destroyed!
Your base Maces & Flails skill increases to level 6!
Really attack your wight?
You closely miss your wight.
The wight is no longer charmed.
The wight hits you with a dire flail!
* * * LOW HITPOINT WARNING * * *
You feel drained.
* * * LOW HITPOINT WARNING * * *
You hit the wight.
The wight is moderately damaged.
The wight closely misses you.
You hit the wight.
The wight is heavily damaged.
You closely miss the wight.
Your tail-slap misses the wight.
The wight is heavily damaged.
The wight hits you with a dire flail!
You die...

#.##..... #.##...[....#.##.
.#...#. #......#.####.##.
..... #..[...#).....##. #...#
##.#.#.#########. #...#
#.#...# #. ## #...# #.##..# ##
.######...########.....# . #
...............)##.....###....
#
..............)z@..#..........
#...............#####.####....
######.....###### #.# ..
#.$...# #.# ####### #.....#
#.#####...... #.....#
#........###< #.......
#######..###. ##...z.. #...((.
...z.# #...##(


You could see a wight.

Vanquished Creatures
  2 centaurs (D:5)
  An ogre (D:4)
  2 scorpions
  3 wights (D:6)
  A bullfrog zombie (D:5)
  A crimson imp (D:5)
  4 hounds
  An orc wizard (D:3)
  An orc priest (D:4)
  Terence (D:1)
  Natasha (thrice) (D:4)
  3 worker ants
  A hound skeleton (D:4)
  A worker ant zombie (D:6)
  5 gnolls (D:4)
  6 adders
  An ooze (D:4)
  3 worms
  A leopard gecko (D:5)
  10 orcs
  A ball python (D:4)
  6 giant cockroaches
  8 goblins
  5 hobgoblins
  11 jackals
  10 kobolds
  4 bats
  2 frilled lizards
  A leopard gecko skeleton (D:4)
  4 rats
103 creatures vanquished.

Vanquished Creatures (collateral kills)
  A centaur (D:6)
  3 wights (D:6)
  A jackal (D:6)
5 creatures vanquished.

Grand Total: 108 creatures vanquished

Notes
Turn   | Place    | Note
-------+----------+-------------------------------------------
     0 | D:1      | aurelian the Draconian Necromancer began the quest for the Orb.
     0 | D:1      | Reached XP level 1. HP: 14/14 MP: 3/3
   361 | D:1      | Reached XP level 2. HP: 20/22 MP: 0/5
   420 | D:1      | Reached skill level 1 in Fighting
  1037 | D:1      | Learned a level 1 spell: Animate Skeleton
  1500 | D:2      | Reached XP level 3. HP: 26/28 MP: 3/6
  1532 | D:2      | Learned a level 3 spell: Vampiric Draining
  2236 | D:2      | Found a radiant altar of Vehumet.
  2489 | D:2      | Noticed Terence
  2490 | D:2      | Reached skill level 5 in Necromancy
  2503 | D:2      | Found a shadowy altar of Dithmenos.
  2562 | D:1      | Reached XP level 4. HP: 15/36 MP: 1/7
  2790 | D:2      | Learned a level 3 spell: Regeneration
  2829 | D:1      | Killed Terence
  3038 | D:2      | Found a faded altar of an unknown god.
  3837 | D:3      | Found a sacrificial altar of Ru.
  4086 | D:3      | Reached skill level 1 in Maces & Flails
  4086 | D:3      | Reached XP level 5. HP: 23/41 MP: 2/9
  4786 | D:4      | Noticed Natasha
  4789 | D:4      | Reached XP level 6. HP: 34/48 MP: 3/11
  4794 | D:4      | Killed Natasha
  4853 | D:4      | Noticed Natasha
  4858 | D:4      | Killed Natasha
  4979 | D:4      | Noticed Sigmund
  5045 | D:4      | Noticed Natasha
  5048 | D:4      | Killed Natasha
  5681 | D:4      | Found a glowing silver altar of Zin.
  6021 | D:5      | Entered Level 5 of the Dungeon
  6144 | D:5      | Noticed Grinder
  6453 | D:5      | Your scales start taking on a rich purple colour.
  6453 | D:5      | Reached XP level 7. HP: 49/55 MP: 14/14
  6959 | D:4      | Learned a level 4 spell: Animate Dead
  6998 | D:4      | Reached skill level 5 in Maces & Flails
  6998 | D:4      | Reached skill level 5 in Spellcasting
  7682 | D:6      | Reached XP level 8. HP: 58/61 MP: 16/16
  7998 | D:5      | Learned a level 4 spell: Control Undead
  8549 | D:6      | Slain by a wight

Vault maps used:
D:1:      nzn_arrival_crosshair
D:2:      old_standard_altar, grunt_dithmenos_smoke_and_mirrors,
          chequers_ecumenical_altar_simple, uniq_terence
D:3:      old_standard_altar
D:4:      kennysheep_mini_moat, kennysheep_generic_room_13, uniq_sigmund,
          uniq_natasha
D:5:      first_bread, uniq_grinder
D:6:      serial_shops, shop, uniq_pikel
D:7:      trog_ov_bears_minmay, minmay_temple_entry_nine_rooms, serial_bayou,
          serial_bayou_pond_c, serial_bayou_lake_a, serial_bayou_pond_c,
          serial_bayou_pond_e, makhleb_heckhound_becter

Skill      XL: |  1  2  3  4  5  6  7  8 |
---------------+-------------------------+-----
Fighting       | 1 2 |  2.0
Necromancy     | 5 6 |  6.8
Maces & Flails | 1 2 4 5 6 |  6.0
Spellcasting   | 3 4 5 |  5.8
Dodging        | |  1.7
Stealth        | |  1.7

Action                   |  1- 3 |  4- 6 |  7- 9 || total
-------------------------+-------+-------+-------++-------
Melee: Spear             |    10 |     8 |       ||    18
       Whip              |       |    59 |    94 ||   153
       Tailslap          |       |     3 |     4 ||     7
 Cast: Pain              |    84 |   103 |    14 ||   201
       Animate Skeleton  |     4 |       |     3 ||     7
       Animate Dead      |       |       |     2 ||     2
       Control Undead    |       |       |     4 ||     4
  Use: Potion            |       |     3 |     3 ||     6
       Scroll            |       |    12 |       ||    12
 Stab: Sleeping          |       |     1 |       ||     1
  Eat: Chunk             |     5 |    11 |     7 ||    23
       Fruit             |     1 |     1 |     1 ||     3
Armor: Skin              |    31 |    16 |    20 ||    67
Dodge: Dodged            |    43 |    61 |    43 ||   147

Table legend:
 A = Spawn XP
 B = Non-spawn XP
 C = Spawn XP percentage of total XP
 D = Spawn monster count
 E = Non-spawn monster count
 F = Spawn count percentage of total count
 G = Total turns spent on level
                    A         B        C        D         E        F      G
               +---------+---------+-------+---------+---------+-------+---------
         Total |       0 |    1743 |   0.0 |       0 |     107 |   0.0 |  8549
               +---------+---------+-------+---------+---------+-------+---------
           D:1 |       0 |      93 |   0.0 |       0 |      24 |   0.0 |  2298
           D:2 |       0 |      58 |   0.0 |       0 |      19 |   0.0 |  1225
           D:3 |       0 |     135 |   0.0 |       0 |      16 |   0.0 |  1242
           D:4 |       0 |     511 |   0.0 |       0 |      25 |   0.0 |  1923
           D:5 |       0 |     442 |   0.0 |       0 |       8 |   0.0 |  1158
           D:6 |       0 |     504 |   0.0 |       0 |      15 |   0.0 |   662
               +---------+---------+-------+---------+---------+-------+---------
